Cogmind - Beta 12 @@@ ROGUE MODE // 2023.03.15 @ 20:27:01 Player: Finestep Result: Destroyed by G-73 Enforcer with Heavy Laser Performance ------------- Evolutions (6) 3000 Regions Visited (17) 3400 Robots Destroyed (233) 1165 Value Destroyed (9620) 9620 Prototype IDs (24) 480 Alien Tech Used (0) 0 Bonus (3015) 3015 TOTAL SCORE: 20680 Bonus ------- High Alert Combat Kills 1780 Follower Combat Kills 777 Entered Garrisons 200 Entered DSFs 1000 Met Data Miner 300 Friendly Fire -1042 Cogmind --------- Core Integrity 0/1150 Matter 131/300 Energy 15/100 System Corruption 8% Temperature Cool (51) Movement Core (700) Ox13 Location -4/Factory Parts ------- > --- POWER (2) -------- (None) > --- PROPULSION (4) --- (None) > --- UTILITY (10) ----- High-capacity Storage Unit Advanced Visual Processing Unit Advanced Terrain Scan Processor Transport Network Coupler Advanced Target Analyzer Graphene Brace Improved System Shield > --- WEAPON (3) ------- (None) > --- INVENTORY (20) --- Compact Wheel Advanced Heat Sink Matter Compressor (0) Improved Trap Scanner Encrypted Comm Array Kinecellerator Quantum Capacitor Advanced Weapon Cycler Long-range Tractor Beam Grenade Launcher Peak State ------------ > --- POWER ------------ Neutrino Core Improved Quantum Reactor > --- PROPULSION ------- Enhanced Armored Heavy Treads High-density Centrium Heavy Treads > --- UTILITY ---------- Advanced Heat Sink High-capacity Storage Unit Active Sensor Suite Advanced Weapon Cycler Improved Heavy Armor Plating > --- WEAPON ----------- Helical Railgun Helical Railgun Helical Railgun > --- INVENTORY -------- Armored Huge Wheel Advanced Heat Sink High-capacity Matter Pod Long-range Terrain Scanner Advanced Terrain Scan Processor Encrypted Comm Array Core Analyzer Improved Transmission Jammer Hardened Heavy Armor Plating Graphene Brace Improved Shield Generator Improved Shield Generator Long-range Tractor Beam Neutron Cannon Enhanced Gauss Cannon Hypervelocity Gauss Cannon Grenade Launcher [Rating: 142] Favorites ----------- Power Antimatter Reactor Engine Cooled Deuterium Engine Power Core Neutrino Core Reactor Antimatter Reactor Propulsion High-density Centrium Heavy Treads Treads High-density Centrium Heavy Treads Leg Aluminum Leg Wheel Armored Huge Wheel Utility High-capacity Storage Unit Device Active Sensor Suite Storage High-capacity Storage Unit Processor Core Analyzer Hackware Improved System Shield Protection Hardened Heavy Armor Plating Weapon Helical Railgun Energy Gun Medium Laser Energy Cannon Neutron Cannon Ballistic Gun Helical Railgun Ballistic Cannon Gauss Cannon Launcher Micro-nuke Launcher Impact Weapon Power Maul Build | -11 -10 -10 -10 -9 -8 -7 -7 -6 -6 -6 -6 -5 -5 -5 -5 -5 -4 ------- Run | Jun Mat Min Exi Min Mat Fac DSF Fac Low Low Dat Pro Fac Gar Fac DSF Fac Slots Evolved 12 | . . . . . 4 2 . 2 . . . . 2 . . . 2 Power 1 | . . . . . . . . 1 . . . . . . . . . Propulsion 2 | . . . . . 1 1 . . . . . . . . . . . Utility 8 | . . . . . 2 1 . 1 . . . . 2 . . . 2 Weapon 1 | . . . . . 1 . . . . . . . . . . . . Parts Attached 267 | 9 3 5 . . 40 7 16 13 3 9 . 21 29 31 6 5 70 Power 28 | 1 1 1 . . 2 1 . 4 . 1 . 2 . 5 . 2 8 Engine 11 | 1 1 . . . 1 1 . 4 . 1 . . . 1 . . 1 Core 7 | . . 1 . . 1 . . . . . . . . 3 . . 2 Reactor 10 | . . . . . . . . . . . . 2 . 1 . 2 5 Propulsion 47 | 5 . 3 . . 10 1 7 2 . 2 . 3 . . 2 . 12 Treads 20 | 2 . . . . 8 1 . . . 2 . 3 . . 1 . 3 Leg 14 | 2 . 3 . . 2 . 7 . . . . . . . . . . Wheel 13 | 1 . . . . . . . 2 . . . . . . 1 . 9 Hover . | . . . . . . . . . . . . . . . . . . Flight . | . . . . . . . . . . . . . . . . . . Utility 116 | 1 1 . . . 15 5 5 4 . . . 5 26 23 4 3 24 Device 80 | . . . . . 6 2 4 1 . . . 1 21 20 4 3 18 Storage 6 | 1 1 . . . 3 1 . . . . . . . . . . . Processor 7 | . . . . . 1 . . . . . . . . 1 . . 5 Hackware 5 | . . . . . . 1 . 1 . . . . 2 . . . 1 Protection 18 | . . . . . 5 1 1 2 . . . 4 3 2 . . . Artifact . | . . . . . . . . . . . . . . . . . . Weapon 76 | 2 1 1 . . 13 . 4 3 3 6 . 11 3 3 . . 26 Energy Gun 1 | 1 . . . . . . . . . . . . . . . . . Energy Cannon 11 | . . . . . 1 . 3 . . . . 3 1 . . . 3 Ballistic Gun 36 | 1 1 1 . . 7 . . 2 2 3 . 7 2 1 . . 9 Ballistic Cannon 18 | . . . . . 4 . 1 1 . . . . . 2 . . 10 Launcher 6 | . . . . . 1 . . . . . . 1 . . . . 4 Special Weapon . | . . . . . . . . . . . . . . . . . . Impact Weapon 4 | . . . . . . . . . 1 3 . . . . . . . Slashing Weapon . | . . . . . . . . . . . . . . . . . . Piercing Weapon . | . . . . . . . . . . . . . . . . . . Special Melee Weapon . | . . . . . . . . . . . . . . . . . . Unidentified Prototypes 9 | . . . . . 2 1 . 1 . . . 5 . . . . . Corrupted Parts 1 | . . . . . . . 1 . . . . . . . . . . System Corruption 10 | . . . . . . . 10 . . . . . . . . . . Parts Lost 73 | . 1 2 . . 13 . 5 . . . . . 2 5 . . 45 Power 10 | . 1 . . . 2 . . . . . . . . . . . 7 Propulsion 18 | . . 1 . . 2 . 3 . . . . . . . . . 12 Utility 21 | . . . . . 6 . . . . . . . 2 3 . . 10 Weapon 24 | . . 1 . . 3 . 2 . . . . . . 2 . . 16 Highest Loss Streak 19 | . 1 1 . . 6 . 4 . . . . . 1 2 . . 19 To Critical Strikes . | . . . . . . . . . . . . . . . . . . Average Slot Usage (%) 80 | . 91 99 85 85 92 98 86 70 66 69 73 71 75 79 81 82 79 Engine 4 | . 14 8 . . 2 1 7 6 13 13 13 3 . 2 . . . Core 2 | . . 5 14 14 6 5 . . . . . . . 4 5 1 1 Reactor 3 | . . . . . . . . . . . . 8 11 2 5 9 6 Treads 10 | . . . . . 22 28 13 . . 7 13 12 11 11 11 11 5 Leg 4 | . 28 27 28 28 2 . 12 11 . . . . . . . . . Wheel 2 | . . . . . . . . 7 13 9 6 1 . . . . 7 Device 13 | . . . . . 10 15 18 11 6 6 6 6 18 21 22 23 20 Storage 7 | . 20 28 14 14 9 7 7 6 6 6 6 6 5 5 5 5 5 Processor 2 | . . . . . . 7 5 . . . . . . 4 5 5 14 Protection 5 | . . . . . 9 5 4 4 6 6 6 9 8 5 5 5 1 Ballistic Gun 13 | . 19 27 28 28 16 . . 6 15 19 20 17 15 7 5 5 6 Ballistic Cannon 5 | . . . . . 7 23 13 6 3 . . . . 8 11 11 6 Naked Turns . | . . . . . . . . . . . . . . . . . . Heaviest Build 131 | 11 22 22 17 17 52 77 81 99 98 98 98 113 112 123 126 129 131 Greatest Support 170 | 40 20 20 20 20 60 88 88 80 56 56 28 170 170 170 170 170 170 Greatest Overweight (x) 4 | 3 1 2 . . 1 . 2 2 1 3 3 3 . . . . 4 Average Overweight (x) . | . . 1 . . . . . . 1 2 3 . . . . . 1 Largest Inventory Capacity 20 | 8 10 10 10 10 20 20 20 20 20 20 20 20 20 20 20 20 20 Average Capacity 18 | 7 8 10 10 10 14 18 20 20 20 20 20 20 20 20 20 20 20 Most Carried 20 | 5 10 10 10 10 15 20 20 20 20 20 20 20 20 20 20 20 20 Average Carried 16 | 2 8 9 10 10 13 18 19 19 19 19 20 19 19 16 19 19 14 Final Capacity 20 | 8 10 10 10 10 15 20 20 20 20 20 20 20 20 20 20 20 20 Final Carried 20 | 5 10 10 10 10 15 20 20 19 20 20 20 19 19 20 20 20 11 Class Distribution -------------------- 25% | Skirmisher 13% | Mutant 11% | Scavenger-Skirmisher 9% | Scavenger-Tank 9% | Commander-Mutant 8% | Scavenger-Mutant 7% | Scavenger-Gunner 6% | Commander-Tank 3% | Gunner Dominant Class ---------------- Mutant | -10/Materials Mutant | -10/Mines Scavenger-Mutant | -10/Exiles Scavenger-Mutant | -9/Mines Scavenger-Tank | -8/Materials Scavenger-Gunner | -7/Factory Gunner | -7/DSF Skirmisher | -6/Factory Skirmisher | -6/Lower Caves Scavenger-Skirmisher | -6/Lower Caves Scavenger-Skirmisher | -6/Data Miner Skirmisher | -5/Proximity Caves Skirmisher | -5/Factory Commander-Mutant | -5/Garrison Commander-Mutant | -5/Factory Commander-Tank | -5/DSF Scavenger-Mutant | -4/Factory Resources | -11 -10 -10 -10 -9 -8 -7 -7 -6 -6 -6 -6 -5 -5 -5 -5 -5 -4 ----------- Run | Jun Mat Min Exi Min Mat Fac DSF Fac Low Low Dat Pro Fac Gar Fac DSF Fac Matter Collected 9818 | 291 282 108 . . 1245 . 523 175 40 450 . 546 1403 1922 . 178 2655 Remotely 1656 | . . . . . . . . . . . . . 139 1037 . . 480 Salvage Created 10647 | 64 504 299 . . 1763 . 474 239 . 240 . 530 2105 1667 . 31 2731 Parts 486 | 1 31 13 . . 97 . 16 5 . 4 . 18 99 85 . 2 115 Haulers Intercepted 10 | . 2 . . . 6 . . . . . . . 1 . . . 1 Recyclers Shooed 18 | . 2 1 . . 1 . . . . . . . 6 . . . 8 Parts Field Recycled . | . . . . . . . . . . . . . . . . . . Retrieved Matter . | . . . . . . . . . . . . . . . . . . Parts Self-Destructed 17 | . . . . . . . . . . . . 17 . . . . . Prevented 1 | . . . . . . . . . . 1 . . . . . . . Kills | -11 -10 -10 -10 -9 -8 -7 -7 -6 -6 -6 -6 -5 -5 -5 -5 -5 -4 ------- Run | Jun Mat Min Exi Min Mat Fac DSF Fac Low Low Dat Pro Fac Gar Fac DSF Fac Combat Hostiles Destroyed 162 | . 9 4 . . 29 . 12 2 . 1 . 10 19 35 . 2 39 Guns 89 | . 9 4 . . 17 . . . . 1 . 8 19 22 . . 9 Cannons 55 | . . . . . 10 . 12 1 . . . . . 13 . 2 17 AOE 17 | . . . . . 2 . . . . . . 2 . . . . 13 Classes Destroyed 20 | 1 5 . . . 8 . 1 . . . . 1 2 1 . . 1 Worker 12 | . . . . . 3 . . . . . . . 3 . . . 6 Builder 8 | . . . . . 1 . . . . . . . 3 . . . 4 Tunneler 2 | . 1 . . . 1 . . . . . . . . . . . . Hauler 10 | . 2 . . . 6 . . . . . . . 1 . . . 1 Recycler 24 | 1 2 2 . . 5 . . 1 . . . . 4 . . . 9 Mechanic 1 | . 1 . . . . . . . . . . . . . . . . Operator 2 | . . . . . 1 . . . . . . . 1 . . . . Watcher 8 | . . . . . 4 . . . . . . . 2 . . . 2 Swarmer 48 | . 6 . . . 10 . . . . . . 6 . 11 . 2 13 Cutter 2 | . . . . . . . . . . . . . . 2 . . . Grunt 62 | . 3 4 . . 14 . 9 . . . . 2 10 10 . . 10 Brawler 1 | . . . . . . . . . . . . . . . . . 1 Duelist 4 | . . . . . . . 1 . . . . . . 1 . . 2 Sentry 15 | . . . . . 1 . 1 . . . . 1 2 8 . . 2 Specialist 3 | . . . . . 2 . . . . . . . . . . . 1 Hunter 13 | . . . . . 1 . . 2 . . . . 3 1 . . 6 Programmer 9 | . . . . . . . . . . . . . 3 2 . . 4 Heavy 4 | . . . . . 1 . 1 . . . . . . . . . 2 Behemoth 1 | . . . . . . . . . . . . 1 . . . . . Decomposer 1 | . . . . . . . . . . . . 1 . . . . . Wasp 1 | . . . . . . . . . . . . . 1 . . . . Thug 1 | . . . . . . . . . . 1 . . . . . . . Fireman 2 | . . . . . . . . . . . . . 2 . . . . Best Kill Streak 24 | 1 5 3 . . 8 . 6 2 . 1 . 5 5 24 . 2 15 Combat Bots Only 24 | . 4 2 . . 5 . 6 2 . 1 . 5 4 24 . 2 9 Max Kills in Single Turn 6 | 1 1 1 . . 2 . 1 1 . 1 . 1 2 3 . 2 6 Gunslinging 1 | . . . . . 1 . . . . . . . 1 . . . . Exploded 4 | . . . . . 1 . . . . . . 1 . . . . 4 Melee . | . . . . . . . . . . . . . . . . . . Uniques/NPCs Destroyed . | . . . . . . . . . . . . . . . . . . Combat | -11 -10 -10 -10 -9 -8 -7 -7 -6 -6 -6 -6 -5 -5 -5 -5 -5 -4 -------- Run | Jun Mat Min Exi Min Mat Fac DSF Fac Low Low Dat Pro Fac Gar Fac DSF Fac Damage Taken 18064 | . 367 354 . . 2699 . 1361 444 . 104 . 731 2073 2150 . . 7781 Core 1926 | . 35 122 . . 244 . 137 31 . . . 41 57 92 . . 1167 Absorbed by Shields 734 | . . . . . . . . . . . . . . 155 . . 579 Reduced by Siege Mode 626 | . . . . . . . . . . . . 17 136 218 . . 255 Redirected to Shielding 100 | . . . . . . . . 10 . . . . 13 77 . . . Regen/Repaired (Parts) 93 | . . . . . 41 . . . . . . . 52 . . . . Core Remaining (%) 74 | 100 . . . 37 55 . 80 . . . . 91 . . . 85 . Volleys Fired 626 | 1 53 28 . . 113 . 35 9 8 12 . 45 85 87 . 2 148 Largest 3 | 2 2 2 . . 3 . 3 2 3 3 . 3 3 3 . 3 3 Hottest 224 | 70 70 40 . . 144 . 224 180 89 89 . 109 166 156 . 153 179 Shots Fired 1464 | 2 105 55 . . 318 . 60 18 24 36 . 92 232 225 . 5 292 Gun 1047 | 2 105 55 . . 234 . . . 24 36 . 71 227 177 . 2 114 Cannon 394 | . . . . . 81 . 60 18 . . . 18 5 48 . 3 161 Launcher 23 | . . . . . 3 . . . . . . 3 . . . . 17 Special . | . . . . . . . . . . . . . . . . . . Kinetic 1309 | 1 68 55 . . 285 . 52 . 24 36 . 71 227 225 . 5 260 Thermal 119 | 1 37 . . . 30 . 2 18 . . . 18 5 . . . 8 Explosive 23 | . . . . . 3 . . . . . . 3 . . . . 17 Electromagnetic 13 | . . . . . . . 6 . . . . . . . . . 7 Robot Hit Streak 31 | 2 12 16 . . 16 . 13 15 . 7 . 7 31 21 . 2 20 Robot Miss Streak 9 | . 4 5 . . 7 . 5 1 . 2 . 2 5 9 . 4 7 Penetration Max 2 | . . . . . . . . . . . . 1 1 2 . 1 1 Secondary Targets 18 | . . 1 . . 6 . . . . . . 1 4 6 . . . Max Gunslinging Chain 1 | . . 1 . . 1 . . . . . . 1 1 1 . . . Shots Hit Robots 892 | 2 59 43 . . 192 . 45 16 . 17 . 43 162 133 . 2 178 Core Hits 490 | 2 31 18 . . 95 . 40 5 . 7 . 24 65 65 . 3 135 Critical Kills 15 | . . . . . . . . . . . . . 4 9 . . 2 Critical Parts Destroyed 24 | . . . . . 3 . . . . . . 2 3 8 . . 8 Critical Strikes 68 | . 1 . . . 6 . 3 . . . . 4 7 19 . 2 26 Burn 1 | . 1 . . . . . . . . . . . . . . . . Destroy 43 | . . . . . 3 . . . . . . 4 7 19 . . 10 Blast 23 | . . . . . 3 . 2 . . . . . . . . 2 16 Corrupt 1 | . . . . . . . 1 . . . . . . . . . . Melee Attacks 5 | . . . . . . . . . 1 4 . . . . . . . Impact 5 | . . . . . . . . . 1 4 . . . . . . . Slashing . | . . . . . . . . . . . . . . . . . . Piercing . | . . . . . . . . . . . . . . . . . . Sneak Attacks . | . . . . . . . . . . . . . . . . . . Combat Hostiles . | . . . . . . . . . . . . . . . . . . Follow-up Attacks . | . . . . . . . . . . . . . . . . . . Damage Inflicted 26052 | 22 601 377 . . 3739 . 1207 511 . 569 . 1251 4599 3988 . 188 9000 Guns 14560 | 22 601 377 . . 2181 . . . . 316 . 1109 4499 3384 . 24 2047 Cannons 7560 | . . . . . 1181 . 1207 511 . . . . 39 604 . 164 3854 Explosions 3612 | . . . . . 347 . . . . . . 142 33 . . . 3090 Melee 253 | . . . . . . . . . . 253 . . . . . . . Ramming 67 | . . . . . 30 . . . . . . . 28 . . . 9 Kinetic 20195 | 10 300 377 . . 2812 . 1025 . . 316 . 1109 4499 3988 . 188 5571 Thermal 2229 | 12 301 . . . 550 . . 511 . . . . 39 . . . 816 Explosive 2879 | . . . . . 347 . . . . . . 142 . . . . 2390 Electromagnetic 429 | . . . . . . . 182 . . . . . 33 . . . 214 Impact 253 | . . . . . . . . . . 253 . . . . . . . Slashing . | . . . . . . . . . . . . . . . . . . Piercing . | . . . . . . . . . . . . . . . . . . Highest Corruption 10 | . . . . . . . 10 . . . . . 4 4 4 4 8 Average Corruption 3 | . . . . . . . 10 . . . . . 1 3 4 4 3 Corruption Purged 4 | . . . . . . . . . . . . . 4 . . . . Corruption Blocked 21 | . . . . . . . . . . . . . . . . . 21 Effects 83 | . . . . . . . 8 . . . . . 6 44 5 5 15 Message Errors 16 | . . . . . . . 1 . . . . . 3 11 . . 1 Matter Fused 28 | . . . . . . . 2 . . . . . 2 16 2 1 5 Heat Flow Errors 10 | . . . . . . . 1 . . . . . . 5 . 2 2 Energy Discharges 5 | . . . . . . . 1 . . . . . . 2 . 1 1 Parts Rejected 3 | . . . . . . . . . . . . . 1 . . . 2 Parts Fused 2 | . . . . . . . 1 . . . . . . 1 . . . Data Loss (minor) 9 | . . . . . . . 1 . . . . . . 5 2 1 . Data Loss (major) 3 | . . . . . . . 1 . . . . . . 1 1 . . Misfires 3 | . . . . . . . . . . . . . . 2 . . 1 Weapon Failures 4 | . . . . . . . . . . . . . . 1 . . 3 Overload Shots . | . . . . . . . . . . . . . . . . . . Overflow Damage 594 | . . . . . 43 . 10 5 . 113 . . . . . . 423 Projectiles 157 | . . . . . 31 . 10 5 . . . . . . . . 111 Explosions 314 | . . . . . 2 . . . . . . . . . . . 312 Melee 123 | . . . . . 10 . . . . 113 . . . . . . . Knockbacks 47 | . . . . . 4 . 16 . . 1 . . 1 4 . . 21 Impact 2 | . . . . . . . . . . 1 . . 1 . . . . Kinetic 45 | . . . . . 4 . 16 . . . . . . 4 . . 21 Secondary . | . . . . . . . . . . . . . . . . . . Self-Inflicted Damage 248 | . . . . . . . . . . . . 18 . . . . 230 Shots 6 | . . . . . . . . . . . . 1 . . . . 5 Rammed 4 | . . . . . 2 . . . . . . . 1 . . . 1 Targets Rammed 4 | . . . . . 2 . . . . . . . 1 . . . 1 Kicked . | . . . . . . . . . . . . . . . . . . Crushed . | . . . . . . . . . . . . . . . . . . Highest Temperature 478 | 30 235 18 . . 335 . 478 231 74 136 . 309 264 391 . 230 323 Average Temperature 75 | 18 113 9 . . 74 . 61 116 23 42 . 94 63 86 . 158 53 Received Heat Transfer 3382 | . 117 201 . . 906 . 666 . . 45 . 27 486 339 . . 595 Effects 5 | . . . . . 1 . 1 . . . . . . 2 . . 1 Shutdowns 2 | . . . . . . . 1 . . . . . . . . . 1 Energy Bleed 2 | . . . . . . . . . . . . . . 2 . . . Interference 1 | . . . . . 1 . . . . . . . . . . . . Siege Activations 10 | . . . . . . . . . . . . 1 5 3 . . 1 Total Turns 412 | . . . . . . . . . . . . 24 91 235 . . 62 Longest Duration 212 | . . . . . . . . . . . . 24 44 212 . . 62 Robots Corrupted . | . . . . . . . . . . . . . . . . . . Combat Hostiles . | . . . . . . . . . . . . . . . . . . Parts Fried 1 | . . . . . . . 1 . . . . . . . . . . Impact Corruptions 7 | . . . . . 1 . . . . 6 . . . . . . . Robots Melted 1 | . . . . . . . . 1 . . . . . . . . . Combat Hostiles 1 | . . . . . . . . 1 . . . . . . . . . Parts Melted 13 | . 6 . . . . . 1 5 . . . . . 1 . . . Heat Transferred 3163 | 37 962 . . . 814 . . 800 . . . . . . . . 550 Parts Sabotaged . | . . . . . . . . . . . . . . . . . . Parts Stolen . | . . . . . . . . . . . . . . . . . . Parts Stripped . | . . . . . . . . . . . . . . . . . . Power Chain Reactions . | . . . . . . . . . . . . . . . . . . Missiles Intercepted . | . . . . . . . . . . . . . . . . . . Alert | -11 -10 -10 -10 -9 -8 -7 -7 -6 -6 -6 -6 -5 -5 -5 -5 -5 -4 ------- Run | Jun Mat Min Exi Min Mat Fac DSF Fac Low Low Dat Pro Fac Gar Fac DSF Fac Peak Influence 2189 | 5 286 156 . . 628 240 266 196 . . . . 584 2189 1148 1183 1454 Initial 1148 | . 3 66 . . . 234 31 139 . . . . 63 350 1148 803 620 Average 619 | . 124 84 . . 319 214 153 174 . . . . 235 1454 1148 1014 815 Maximum Alert Level 5 | . 1 . . . 2 1 1 . . . . . 2 5 4 4 4 Low Security (%) 32 | 100 80 100 . 100 31 10 72 100 . . . . 46 . . . . Level 1 19 | . 19 . . . 24 89 27 . . . . . 35 3 . . 13 Level 2 16 | . . . . . 44 . . . . . . . 17 11 . . 33 Level 3 7 | . . . . . . . . . . . . . . 7 . 59 34 Level 4 12 | . . . . . . . . . . . . . . 30 100 40 18 Level 5 10 | . . . . . . . . . . . . . . 46 . . . High Security . | . . . . . . . . . . . . . . . . . . Max Security . | . . . . . . . . . . . . . . . . . . Sterilizations 2 | . . . . . . . 1 . . . . . . . . 1 . Squads Dispatched 33 | . 2 . . . 6 . 1 . . . . . 9 . . 2 13 Investigation 10 | . 1 . . . 2 . . . . . . . 5 . . . 2 Extermination 5 | . . . . . . . . . . . . . 3 . . . 2 Reinforcement 14 | . 1 . . . 3 . 1 . . . . . 1 . . 2 6 Assault 4 | . . . . . 1 . . . . . . . . . . . 3 Garrison . | . . . . . . . . . . . . . . . . . . Intercept . | . . . . . . . . . . . . . . . . . . Searches Triggered . | . . . . . . . . . . . . . . . . . . Data Miner Redirects 6 | . . . . . . . . . . . . . 4 . . . 2 Construction Impeded 3 | . . . . . . . . . . . . . . . . . 3 Haulers Reinforced . | . . . . . . . . . . . . . . . . . . Active Scanning Responses 3 | . . . . . . . . . . . . . 2 1 . . . Cargo Convoy Interrupts . | . . . . . . . . . . . . . . . . . . Stealth | -11 -10 -10 -10 -9 -8 -7 -7 -6 -6 -6 -6 -5 -5 -5 -5 -5 -4 --------- Run | Jun Mat Min Exi Min Mat Fac DSF Fac Low Low Dat Pro Fac Gar Fac DSF Fac Distress Signals 13 | . 2 . . . 8 . . . . . . . . . . . 3 Communications Jammed 38 | . . . . . . . . . . . . . 3 . . . 35 Distress Signals 37 | . . . . . . . . . . . . . 2 . . . 35 Times Spotted 247 | . 19 4 . . 58 . 11 2 . 9 . 5 28 42 . 9 60 Peak Tracking Total 11 | . 6 2 . . 6 . 6 2 . 5 . 4 5 5 . 3 11 Tactical Retreats 4 | . . . . . . . . . . 1 . . . 1 . . 2 Traps | -11 -10 -10 -10 -9 -8 -7 -7 -6 -6 -6 -6 -5 -5 -5 -5 -5 -4 ------- Run | Jun Mat Min Exi Min Mat Fac DSF Fac Low Low Dat Pro Fac Gar Fac DSF Fac Traps Triggered 7 | . 1 . . . 1 . 2 . . . . . 1 2 . . . Indirectly . | . . . . . . . . . . . . . . . . . . Trap Hack Attempts . | . . . . . . . . . . . . . . . . . . Triggered . | . . . . . . . . . . . . . . . . . . Disarmed . | . . . . . . . . . . . . . . . . . . Reprogrammed . | . . . . . . . . . . . . . . . . . . Reused . | . . . . . . . . . . . . . . . . . . Traps Extracted . | . . . . . . . . . . . . . . . . . . Installed . | . . . . . . . . . . . . . . . . . . Triggered . | . . . . . . . . . . . . . . . . . . Machines | -11 -10 -10 -10 -9 -8 -7 -7 -6 -6 -6 -6 -5 -5 -5 -5 -5 -4 ---------- Run | Jun Mat Min Exi Min Mat Fac DSF Fac Low Low Dat Pro Fac Gar Fac DSF Fac Machines Disabled 36 | . . . . . 4 . 1 . . 3 . . 4 8 . . 16 Max in Single Turn 4 | . . . . . 1 . 1 . . 2 . . 2 1 . . 4 Garrison Access 1 | . . . . . . . . . . . . . . . . . 1 Garrison Relay 6 | . . . . . . . . . . . . . . 6 . . . Machines Repaired . | . . . . . . . . . . . . . . . . . . Machines Sabotaged . | . . . . . . . . . . . . . . . . . . Overloaded Fab Kills . | . . . . . . . . . . . . . . . . . . Hacking | -11 -10 -10 -10 -9 -8 -7 -7 -6 -6 -6 -6 -5 -5 -5 -5 -5 -4 --------- Run | Jun Mat Min Exi Min Mat Fac DSF Fac Low Low Dat Pro Fac Gar Fac DSF Fac Machines Accessed 39 | . 6 . 1 1 5 4 . . . 1 4 . 10 2 1 . 4 Terminals 23 | . 5 . . 1 4 4 . . . . . . 6 2 1 . . Fabricators 5 | . . . . . . . . . . . . . 2 . . . 3 Repair Stations 2 | . . . . . 1 . . . . . . . 1 . . . . Recycling Units 1 | . 1 . . . . . . . . . . . . . . . . Scanalyzers . | . . . . . . . . . . . . . . . . . . Garrison Access 2 | . . . . . . . . . . . . . 1 . . . 1 Total Hacks 131 | . 21 . 4 2 15 8 . . . 5 29 . 25 5 1 . 16 Successful 80 | . 10 . 4 2 9 2 . . . 5 29 . 12 2 1 . 4 Failed 50 | . 10 . . . 6 6 . . . . . . 13 3 . . 12 Catastrophic 17 | . 2 . . . 2 1 . . . . . . 8 . . . 4 Database Lockouts 1 | . 1 . . . . . . . . . . . . . . . . Manual 37 | . 10 . . 1 9 . . . . . . . 7 . . . 10 Terminals 63 | . 18 . . 2 13 8 . . . . . . 16 5 1 . . Fabricators 15 | . . . . . . . . . . . . . 4 . . . 11 Repair Stations 5 | . . . . . 2 . . . . . . . 3 . . . . Recycling Units 3 | . 3 . . . . . . . . . . . . . . . . Scanalyzers . | . . . . . . . . . . . . . . . . . . Garrison Access 7 | . . . . . . . . . . . . . 2 . . . 5 Terminal Hacks 59 | . 6 . 4 2 4 2 . . . 5 29 . 4 2 1 . . Record 21 | . . . 4 1 . . . . . 5 11 . . . . . . Part Schematic 12 | . . . . 1 . . . . . . 10 . 1 . . . . Robot Schematic 5 | . . . . . . . . . . . 5 . . . . . . Robot Analysis 1 | . 1 . . . . . . . . . . . . . . . . Prototype ID Bank 6 | . 2 . . . 1 . . . . . 3 . . . . . . Open DSF 2 | . . . . . . 1 . . . . . . . . 1 . . Branch Access Points 2 | . . . . . . 1 . . . . . . 1 . . . . Emergency Access Points 1 | . . . . . . . . . . . . . . 1 . . . Alert Level 1 | . . . . . . . . . . . . . 1 . . . . Unreport Threat 1 | . . . . . . . . . . . . . 1 . . . . Locate Traps 2 | . 1 . . . 1 . . . . . . . . . . . . Dispatch Records 1 | . 1 . . . . . . . . . . . . . . . . Hauler Manifests 1 | . . . . . 1 . . . . . . . . . . . . Zone Layout 2 | . 1 . . . 1 . . . . . . . . . . . . Security Stations 1 | . . . . . . . . . . . . . . 1 . . . Fabricator Hacks 5 | . . . . . . . . . . . . . 3 . . . 2 Network Status 2 | . . . . . . . . . . . . . 1 . . . 1 Load Schematic 2 | . . . . . . . . . . . . . 1 . . . 1 Build 1 | . . . . . . . . . . . . . 1 . . . . Repair Station Hacks 4 | . . . . . 2 . . . . . . . 2 . . . . Scan Component 2 | . . . . . 1 . . . . . . . 1 . . . . Repair 2 | . . . . . 1 . . . . . . . 1 . . . . Recycling Unit Hacks 2 | . 2 . . . . . . . . . . . . . . . . Retrieve Components 2 | . 2 . . . . . . . . . . . . . . . . Scanalyzer . | . . . . . . . . . . . . . . . . . . Garrison Access Hacks 1 | . . . . . . . . . . . . . 1 . . . . Unlock Access 1 | . . . . . . . . . . . . . 1 . . . . Unauthorized Hacks 9 | . 2 . . . 3 . . . . . . . 2 . . . 2 Terminals 5 | . 1 . . . 3 . . . . . . . 1 . . . . Track 1 | . . . . . 1 . . . . . . . . . . . . Botnet 3 | . 1 . . . 1 . . . . . . . 1 . . . . Operators 1 | . . . . . 1 . . . . . . . . . . . . Fabricators 3 | . . . . . . . . . . . . . 1 . . . 2 Fabnet 1 | . . . . . . . . . . . . . . . . . 1 Haulers 2 | . . . . . . . . . . . . . 1 . . . 1 Repair Stations . | . . . . . . . . . . . . . . . . . . Recycling Units 1 | . 1 . . . . . . . . . . . . . . . . Tunnel 1 | . 1 . . . . . . . . . . . . . . . . Scanalyzers . | . . . . . . . . . . . . . . . . . . Garrison Access . | . . . . . . . . . . . . . . . . . . Data Cores Recovered 1 | . . . . . . . . . . . . . 1 . . . . Used . | . . . . . . . . . . . . . . . . . . Hacking Detections 29 | . 5 . . 1 5 3 . . . . . . 10 1 . . 4 Full Trace Events 7 | . . . . . 1 . . . . . . . 3 1 . . 2 Feedback Events 1 | . . . . . . . . . . . . . 1 . . . . Corruption 1 | . . . . . . . . . . . . . 1 . . . . Feedback Blocked . | . . . . . . . . . . . . . . . . . . Robot Schematics Acquired 5 | . . . . . . . . . . . 5 . . . . . . Robots Built . | . . . . . . . . . . . . . . . . . . Authchips . | . . . . . . . . . . . . . . . . . . Time . | . . . . . . . . . . . . . . . . . . Total Robot Build Rating . | . . . . . . . . . . . . . . . . . . Part Schematics Acquired 12 | . . . . 1 . . . . . . 10 . 1 . . . . Parts Built 1 | . . . . . . . . . . . . . 1 . . . . Authchips . | . . . . . . . . . . . . . . . . . . Time 58 | . . . . . . . . . . . . . 58 . . . . Total Part Build Rating 7 | . . . . . . . . . . . . . 7 . . . . Parts Repaired 2 | . . . . . 1 . . . . . . . 1 . . . . Time 100 | . . . . . 38 . . . . . . . 62 . . . . Parts Recycled . | . . . . . . . . . . . . . . . . . . Recycled Matter . | . . . . . . . . . . . . . . . . . . Retrieved Matter . | . . . . . . . . . . . . . . . . . . Retrieved Components . | . . . . . . . . . . . . . . . . . . Parts Scanalyzed . | . . . . . . . . . . . . . . . . . . Part Schematics Acquired . | . . . . . . . . . . . . . . . . . . Parts Damaged . | . . . . . . . . . . . . . . . . . . Bothacking | -11 -10 -10 -10 -9 -8 -7 -7 -6 -6 -6 -6 -5 -5 -5 -5 -5 -4 ------------ Run | Jun Mat Min Exi Min Mat Fac DSF Fac Low Low Dat Pro Fac Gar Fac DSF Fac Used RIF Installer . | . . . . . . . . . . . . . . . . . . Robots Hacked . | . . . . . . . . . . . . . . . . . . Non-combat . | . . . . . . . . . . . . . . . . . . Combat . | . . . . . . . . . . . . . . . . . . Robot Hacks Applied . | . . . . . . . . . . . . . . . . . . Relay Couplers Released 23 | . . . . . . . . . . . . . . 22 . . 1 Machine Destruction 23 | . . . . . . . . . . . . . . 22 . . 1 Fabnet Peak Effective % . | . . . . . . . . . . . . . . . . . . Robots Rewired 18 | . . . . . . . . . . . . . . 18 . . . Allies Hacked . | . . . . . . . . . . . . . . . . . . Hacks Repelled . | . . . . . . . . . . . . . . . . . . Allies | -11 -10 -10 -10 -9 -8 -7 -7 -6 -6 -6 -6 -5 -5 -5 -5 -5 -4 -------- Run | Jun Mat Min Exi Min Mat Fac DSF Fac Low Low Dat Pro Fac Gar Fac DSF Fac Total Allies 24 | . . . . 3 . . . . . . . 1 . 20 . . . Largest Group 15 | . . . . 3 3 . . . . . . 1 . 15 15 15 10 Highest-Rated Group 614 | . . . . 40 40 . . . . . . 96 . 614 614 614 396 Highest-Rated Ally 96 | . . . . 16 16 . . . . . . 96 . 80 80 80 76 Warlord Squad Rendezvous 6 | . . . . . . . . . . . . . 4 . . . 2 Dakka 2 | . . . . . . . . . . . . . 1 . . . 1 Infantry 2 | . . . . . . . . . . . . . 2 . . . . Geek 1 | . . . . . . . . . . . . . . . . . 1 Pyro 1 | . . . . . . . . . . . . . 1 . . . . Total Orders . | . . . . . . . . . . . . . . . . . . Ally Attacks 160 | . . . . . 29 . . . . . . 3 . 36 . 53 39 Total Damage 3430 | . . . . . 289 . . . . . . 123 . 1079 . 1249 690 Kills 30 | . . . . . 4 . . . . . . . . 15 . 7 4 Allies Corrupted . | . . . . . . . . . . . . . . . . . . Allies Melted . | . . . . . . . . . . . . . . . . . . Intel | -11 -10 -10 -10 -9 -8 -7 -7 -6 -6 -6 -6 -5 -5 -5 -5 -5 -4 ------- Run | Jun Mat Min Exi Min Mat Fac DSF Fac Low Low Dat Pro Fac Gar Fac DSF Fac Robot Analysis Total 1 | . 1 . . . . . . . . . . . . . . . . Derelict Logs Recovered 3 | . . . . . . . . . 1 1 . 1 . . . . . Drone Launches . | . . . . . . . . . . . . . . . . . . Drone Recoveries . | . . . . . . . . . . . . . . . . . . Exploration | -11 -10 -10 -10 -9 -8 -7 -7 -6 -6 -6 -6 -5 -5 -5 -5 -5 -4 ------------- Run | Jun Mat Min Exi Min Mat Fac DSF Fac Low Low Dat Pro Fac Gar Fac DSF Fac Turns Passed 12101 | 83 574 528 339 42 1305 449 412 298 635 926 119 1043 1612 2056 224 207 1249 Spaces Moved 6152 | 46 284 233 283 36 510 266 161 197 421 625 83 541 752 897 133 114 570 Core 13 | 13 . . . . . . . . . . . . . . . . . Treads 3309 | 12 . . . . 415 266 67 . . . . 457 752 897 133 114 196 Legs 1115 | 21 284 233 283 36 95 . 94 69 . . . . . . . . . Wheels 1715 | . . . . . . . . 128 421 625 83 84 . . . . 374 Hover . | . . . . . . . . . . . . . . . . . . Flight . | . . . . . . . . . . . . . . . . . . Fastest Speed 50 | 50 120 120 120 120 120 162 120 115 115 115 145 145 160 160 160 160 115 Average Speed 149 | 134 144 190 120 120 161 162 184 120 115 130 145 157 160 160 160 160 136 Slowest Speed 320 | 200 190 260 120 120 250 163 320 260 115 145 145 160 160 160 160 160 160 Overloaded Moves . | . . . . . . . . . . . . . . . . . . Propulsion Burnouts . | . . . . . . . . . . . . . . . . . . Robots Hopped . | . . . . . . . . . . . . . . . . . . Cave-ins Triggered . | . . . . . . . . . . . . . . . . . . Exploration Rate (%) 45 | 3 52 48 77 10 48 7 88 6 60 59 68 65 20 95 4 90 19 Regions Visited 17 Branch Regions 7 Pre-discovered Areas 5 | . 1 . 1 . . . . . 1 . 1 1 . . . . . Known Exits Taken 8 | . . . . . . 1 . 1 1 1 1 1 1 . 1 . . Unknown Exits Taken 6 | 1 1 1 1 1 1 . . . . . . . . . . . . Scrap Searched 7 | . . 1 . . . . . . 2 2 . 2 . . . . . Spaces Dug 61 | . . . . . . . . . 3 2 . 17 4 . . . 35 Terrain Destroyed 539 | . . . . . 52 . . 2 5 4 . 55 105 23 . . 293 Melee 2 | . . . . . . . . . 1 1 . . . . . . . Projectile 275 | . . . . . 16 . . 2 4 3 . 40 105 21 . . 84 AOE 260 | . . . . . 36 . . . . . . 15 . . . . 209 Terrain Rammed . | . . . . . . . . . . . . . . . . . . Walls Destroyed . | . . . . . . . . . . . . . . . . . . Machines Disabled . | . . . . . . . . . . . . . . . . . . Actions | -11 -10 -10 -10 -9 -8 -7 -7 -6 -6 -6 -6 -5 -5 -5 -5 -5 -4 --------- Run | Jun Mat Min Exi Min Mat Fac DSF Fac Low Low Dat Pro Fac Gar Fac DSF Fac Total 8063 | 61 357 277 282 35 787 282 243 243 552 700 82 653 1006 1381 145 137 840 Wait 520 | . 6 2 . . 55 . 2 5 112 41 . 30 114 125 1 8 19 Move 6135 | 45 283 232 282 35 509 265 160 196 420 624 82 540 751 896 132 113 570 Hop . | . . . . . . . . . . . . . . . . . . Pick Up 123 | 5 9 4 . . 35 6 10 4 4 4 . 1 13 9 . 3 16 Fast Attach 95 | 7 1 . . . 21 5 9 7 1 2 . 9 3 3 3 1 23 Attach 75 | . 2 2 . . 12 . 1 6 . 1 . 3 9 7 1 . 31 Detach 21 | . . . . . 2 . . 5 . . . 2 1 . 3 . 8 Swap 97 | 2 . 3 . . 7 2 6 . 2 6 . 9 17 21 2 4 16 Drop 137 | 1 3 6 . . 31 4 20 11 4 6 . 14 12 8 3 6 8 Fire 626 | 1 53 28 . . 113 . 35 9 8 12 . 45 85 87 . 2 148 Melee 5 | . . . . . . . . . 1 4 . . . . . . . Ram . | . . . . . . . . . . . . . . . . . . Kick . | . . . . . . . . . . . . . . . . . . Crush 4 | . . . . . 2 . . . . . . . 1 . . . 1 Escape Stasis . | . . . . . . . . . . . . . . . . . . Rewire 225 | . . . . . . . . . . . . . . 225 . . . Trap . | . . . . . . . . . . . . . . . . . . Miscellaneous . | . . . . . . . . . . . . . . . . . . Route ------- -11/Junkyard -10/Materials (discovered 2 exits: [Mat] / [*Min]) -10/Mines -10/Exiles -9/Mines -8/Materials -7/Factory (discovered 5 exits: *Sto x2 / *Low x2 / DSF) -7/DSF -6/Factory -6/Lower Caves -6/Lower Caves -6/Data Miner -5/Proximity Caves -5/Factory (discovered 4 exits: *Fac / Upp x2 / Gar) -5/Garrison (discovered 3 exits: *Fac x3) -5/Factory -5/DSF -4/Factory (discovered 1 exit: [Res]) History --------- Turn | Location | Event 23 | -11/Junkyard | Discovered new exit (range 15) 84 | -11/Junkyard | Entered Materials 308 | -10/Materials | Build established: Mutant 554 | -10/Materials | Discovered new exit (range 20) 579 | -10/Materials | Central database locked down 609 | -10/Materials | Discovered new exit (range 9) 658 | -10/Materials | Entered Mines 905 | -10/Mines | Core integrity fell below 50% 1022 | -10/Mines | Deemed a non-threat by the Exiles lab entrance 1119 | -10/Mines | Found a damaged Exp. Sensor Array with a note attached 1124 | -10/Mines | Found Prototype Device 1176 | -10/Mines | Discovered new exit (range 5) 1186 | -10/Mines | Entered Exiles 1216 | -10/Exiles | Met 8R-AWN 1237 | -10/Exiles | Met EX-HEX 1244 | -10/Exiles | Build established: Scavenger-Mutant 1269 | -10/Exiles | Met EX-BIN 1284 | -10/Exiles | Met EX-DEC 1288 | -10/Exiles | Learned location of Zion (-7) 1335 | -10/Exiles | Visited The Gauntlet 1512 | -10/Exiles | Discovered new exit (range 10) 1525 | -10/Exiles | Entered Mines 1525 | -9/Mines | Assisted by bots powering up and referring to "LRC-V3" 1549 | -9/Mines | Discovered new exit (range 5) 1567 | -9/Mines | Entered Materials 1567 | -8/Materials | Accompanied by 3 allies 1567 | -8/Materials | Evolved 4 slots: Propulsion x1, Utility x2, Weapon x1 1983 | -8/Materials | Repaired Carbon-fiber Leg 1995 | -8/Materials | Build established: Scavenger-Tank 2250 | -8/Materials | Lost 6 parts (1p1n3u1w) 2317 | -8/Materials | Found Prototype Device 2767 | -8/Materials | First assault squad dispatched 2788 | -8/Materials | Discovered new exit (range 13) 2872 | -8/Materials | Entered Factory 2872 | -7/Factory | Evolved 2 slots: Propulsion x1, Utility x1 3055 | -7/Factory | Build established: Scavenger-Gunner 3107 | -7/Factory | Identified exit to Storage 3107 | -7/Factory | Identified exit to Lower Caves 3321 | -7/Factory | Identified exit to DSF 3321 | -7/Factory | Entered DSF 3366 | -7/DSF | Additional patrols routed to DSF 3533 | -7/DSF | Lost 4 parts (2n2w) 3553 | -7/DSF | System corruption reached 10% 3570 | -7/DSF | Sterilization system engaged 3590 | -7/DSF | Ambient heat levels rising (+10) 3605 | -7/DSF | Ambient heat levels rising (+10) 3620 | -7/DSF | Ambient heat levels rising (+10) 3635 | -7/DSF | Ambient heat levels rising (+10) 3650 | -7/DSF | Ambient heat levels rising (+10) 3665 | -7/DSF | Ambient heat levels rising (+10) 3680 | -7/DSF | Ambient heat levels rising (+10) 3695 | -7/DSF | Ambient heat levels rising (+10) 3710 | -7/DSF | Ambient heat levels rising (+10) 3714 | -7/DSF | Discovered new exit (range 13) 3725 | -7/DSF | Ambient heat levels rising (+10) 3733 | -7/DSF | Entered Factory 3733 | -6/Factory | Evolved 2 slots: Power x1, Utility x1 3813 | -6/Factory | Identified Active Sensor Suite 3900 | -6/Factory | Spotted B-75 Beast 3982 | -6/Factory | Discovered new exit (range 5) 3986 | -6/Factory | Identified exit to Lower Caves 4031 | -6/Factory | Entered Lower Caves 4099 | -6/Lower Caves | Met a Warlord Commander 4100 | -6/Lower Caves | Learned location of Warlord (-4) 4108 | -6/Lower Caves | Found Encrypted Comm Array 4128 | -6/Lower Caves | Build established: Skirmisher 4179 | -6/Lower Caves | Learned Factory terminal intel 4200 | -6/Lower Caves | Encountered a Warlord checkpoint 4654 | -6/Lower Caves | Discovered new exit (range 11) 4665 | -6/Lower Caves | Identified exit to Lower Caves 4666 | -6/Lower Caves | Entered another Lower Caves area 4710 | -6/Lower Caves | Encountered a Warlord checkpoint 5024 | -6/Lower Caves | Attacked by a faux Warlord 5056 | -6/Lower Caves | Learned Armory emergency access door positions 5056 | -6/Lower Caves | Learned Research security intel 5169 | -6/Lower Caves | Identified exit to Data Miner 5223 | -6/Lower Caves | Build established: Scavenger-Skirmisher 5592 | -6/Lower Caves | Entered Data Miner 5592 | -6/Data Miner | Discovered new exit (range 6) 5620 | -6/Data Miner | Met Data Miner 5645 | -6/Data Miner | Acquired the access code to Warlord's prototype stash 5645 | -6/Data Miner | Learned location of Section 7 (-2) 5668 | -6/Data Miner | Received God Mode back door access code from Data Miner 5707 | -6/Data Miner | Identified exit to Proximity Caves 5711 | -6/Data Miner | Entered Proximity Caves 5754 | -5/Proximity Caves | Spotted B-75 Beast 5756 | -5/Proximity Caves | Escorted by Enhanced Grunt 5794 | -5/Proximity Caves | Destroyed B-75 Beast 5825 | -5/Proximity Caves | Unaware initiated a cargo recovery operation 5834 | -5/Proximity Caves | Encountered a Derelict guarding a broken Freighter 6180 | -5/Proximity Caves | Learned location of Armory (-3) 6624 | -5/Proximity Caves | Build established: Mutant 6703 | -5/Proximity Caves | Discovered new exit (range 16) 6731 | -5/Proximity Caves | Identified exit to Factory 6754 | -5/Proximity Caves | Entered Factory 6754 | -5/Factory | Evolved 2 slots: Utility x2 6755 | -5/Factory | Loaded intel: 26 terminal locations 7051 | -5/Factory | Incoming investigation squad redirected 7088 | -5/Factory | Joined by Warlord Dakka squad 7272 | -5/Factory | P-70 Sage assimilated allied C2-AOA(s) 7368 | -5/Factory | Found Powered Armor 7496 | -5/Factory | Incoming investigation squad redirected 7562 | -5/Factory | Joined by Warlord Pyro squad 7689 | -5/Factory | Identified exit to Upper Caves 7807 | -5/Factory | Repaired Graphene Brace 7816 | -5/Factory | Build established: Skirmisher 7893 | -5/Factory | Joined by Warlord Infantry squad 7931 | -5/Factory | Incoming investigation squad redirected 8065 | -5/Factory | Incoming investigation squad redirected 8093 | -5/Factory | Fabricated Lrn. Terrain Scanner (x1) 8309 | -5/Factory | Identified exit to Garrison 8345 | -5/Factory | Discovered new exit (range 6) 8349 | -5/Factory | Joined by Warlord Infantry squad 8366 | -5/Factory | Entered Garrison 8388 | -5/Garrison | Triggered checkpoint 8440 | -5/Garrison | Triggered checkpoint 8443 | -5/Garrison | Triggered checkpoint 8551 | -5/Garrison | Garrison Relay disabled 8848 | -5/Garrison | Destroyed 24 combat bots 9323 | -5/Garrison | Build established: Commander-Tank 9370 | -5/Garrison | Discovered new exit (range 10) 9416 | -5/Garrison | Garrison Relay disabled 9459 | -5/Garrison | Garrison Relay disabled 9573 | -5/Garrison | Found embedded Infiltrators 9574 | -5/Garrison | Discovered new exit (range 12) 9629 | -5/Garrison | Garrison Relay disabled 9703 | -5/Garrison | Build established: Commander-Mutant 9814 | -5/Garrison | Discovered new exit (range 12) 9998 | -5/Garrison | Learned Factory security intel 10018 | -5/Garrison | Garrison Relay disabled 10422 | -5/Garrison | Entered Factory 10422 | -5/Factory | Accompanied by 15 allies 10645 | -5/Factory | Identified exit to DSF 10646 | -5/Factory | Entered DSF 10646 | -5/DSF | Accompanied by 15 allies 10664 | -5/DSF | Additional patrols routed to DSF 10781 | -5/DSF | Sterilization system engaged 10801 | -5/DSF | Ambient heat levels rising (+10) 10816 | -5/DSF | Ambient heat levels rising (+10) 10818 | -5/DSF | Discovered new exit (range 14) 10831 | -5/DSF | Ambient heat levels rising (+10) 10846 | -5/DSF | Ambient heat levels rising (+10) 10853 | -5/DSF | Entered Factory 10853 | -4/Factory | Accompanied by 10 allies 10853 | -4/Factory | Evolved 2 slots: Utility x2 10956 | -4/Factory | Joined by Warlord Geek squad 11302 | -4/Factory | Lost 6 parts (2n2u2w) 11436 | -4/Factory | Lost 5 parts (2p2u1w) 11603 | -4/Factory | First assault squad dispatched 11627 | -4/Factory | Incoming assault squad redirected 11756 | -4/Factory | Lost 4 parts (1p1n2w) 11803 | -4/Factory | Found Quantum Capacitor 11813 | -4/Factory | Discovered new exit (range 23) 11904 | -4/Factory | Joined by Warlord Dakka squad 11952 | -4/Factory | Incoming assault squad redirected 11989 | -4/Factory | Core integrity fell below 50% 12003 | -4/Factory | Spotted B-86 Titan 12014 | -4/Factory | Destroyed 9 combat bots 12051 | -4/Factory | Lost 19 parts (3p5n3u8w) 12094 | -4/Factory | Core integrity fell below 20% 12102 | -4/Factory | Destroyed by G-73 Enforcer with Heavy Laser Last Messages --------------- 12047_ U-05 Engineer builds a Wall. 12050_ System corrupted: FCS attempts to trigger Hardcell Cannon. 12050_ System corrupted: Hardcell Cannon misfires. 12050_ Destroyed Lgt. Ion Engine. 12053_ ALERT: Construction progress impeded, dispatching reinforcements to local area. 12066_ System corrupted: Matter fused (-6). 12066_ Connecting with Fabricator... 12093_ Hardcell Cannon destroyed. 12093_ Destroyed Lgt. Antimatter Reactor. 12093_ G-67 Veteran destroyed. 12095_ The unstable cave ceiling collapses. 12095_ Destroyed Lgt. Antimatter Reactor. 12095_ Penetrated by Slug. 12096_ System corrupted: Heat flow error (+207). 12098_ Penetrated by Slug. 12098_ Micro-nuke Launcher destroyed. 12099_ Com. Wheel destroyed. 12100_ Penetrated by Slug. 12102_ Adv. Shield Generator destroyed. Map ----- +----------------------------------------------------+ | ?????????????????????????????????????????????????? | | ?????????????????????????????????????????????????? | | ?????????????????????????????????????????????????? | | ?????????????????????????????????????????????????? | | ?????????????????????????????????????????????????? | | ?????????????????????????????????????????????????? | | ?????????????????????????????????????????????????? | | ?????????????????????????????????????????????????? | | ?????????????????????????????????????????????????? | | ?????????????????????????????????????????????????? | | ????????????????????????????????????? ?????????? | | ???????????????????????????????????? ?????????? | | ???????????????????????????????????# ! ????????? | | ?????????????????????????????????? ????????? | | ???????????????????????????####### ????????? | | ????????????????????????### # h ???????? | | ???????????????????????## ???????? | | ???????????????????????# ??????? | | ??????????????????????## gh ??????? | | ????????????????????### g % ??????? | | ??????????########### g ??????? | | ??????????# ## #?????????? | | ??????????# ## #?????????? | | ??????????# ## #?????????? | | ?????????## "" ## #?????????? | | ?????#?####""" ## @ #?????????? | | ???##?#####"F ## # #?????????? | | ????#?##??#""" ## #?? #?????????? | | ???????#??# "" + # ???? #?????????? | | ????#?##### # ########??????##?????????? | | ?####?#########"#### # ??? ???????????????? | | ####?######### # ? ??? #??????????????? | | ####?##?##??## ########+# ? ? ?#??????????????? | | #?T ######?#?# # # ?"?""?"?###????????????? | | ##?## # """ # """"??" ?##?#??????????? | | ##?## # """ # """"?"" #####??????????? | | ##### # """ # """"????##?##??????????? | | + # ? ? ??####?????????? | | ########### # """ #####+#######????????????? | | ########## """ ### ?######?###????????? | | ?###### % """ ##? ? ????????? | | ###### % ###? ######???????????? | | ####### # # ######## ### ?????????? | | # [ # ####### ##? ????????? | | # """ % ###?""""""???????? | | # """" * # ?""??"???????? | | + """ ## """" """" ? """"""???????? | | # "" " # """ """" ##??"?""?????????? | | # #### % """ """" ? ? ? ???????? | | ########### ## %% """ """" ???? ???????? | +----------------------------------------------------+ Best States ------------- Heat Dissipation 105 Energy Generation 51 Energy Capacity 575 Matter Stores 300 Matter Capacity 300 Sight Range 20 Robot Scan Range 20 Terrain Scan Range 24 Terrain Scan Density 210 Jamming Range 14 Armor Coverage 1200 Resistance: TH 10 Utility Shielding 66 Weapon Cycling 25 Evasion (%) 55 Targeting Accuracy 6 Target Analysis 8 Core Analysis 6 Recoil Reduction 4 Matter Filtering 30 Kinecelleration 30 Offensive Hacking 10 Defensive Hacking 12 Item Schematics ----------------- Hcp. Storage Unit | -9/Mines | Hacked Quantum Rifle | -6/Data Miner | Free Graphene Brace | -6/Data Miner | Free Matter Neutralizer | -6/Data Miner | Free Quantum Capacitor | -6/Data Miner | Free Impulse Thruster | -6/Data Miner | Free Ionic Axe | -6/Data Miner | Free Prc. Matter Filter | -6/Data Miner | Free Cld. Gravmag System | -6/Data Miner | Free Lgt. Regenerative Plating | -6/Data Miner | Free Combat Drone Bay | -6/Data Miner | Free Lrn. Terrain Scanner | -5/Factory | Hacked Robot Schematics ------------------ L-61 Swordsman | -6/Data Miner | Free H-66 Slayer | -6/Data Miner | Free X-62 Marksman | -6/Data Miner | Free M-22 Extractor | -6/Data Miner | Free A-15 Conveyor | -6/Data Miner | Free Fabricated ------------ Lrn. Terrain Scanner | x1 | -5/Factory Alien Tech Used ----------------- None Achievements -------------- None Challenges ------------ None Game ------ Seed TeslaThermoelectricTreads Manual? 0 Play Time 01:35:36 Cumulative 627.7 hours Start 2023.03.14 @ 22:31:03 End 2023.03.15 @ 20:27:01 Sessions 2 Manual Loads 0 Difficulty Rogue Special Mode None Game No. 394 Rogue 394 Adventurer 0 Explorer 0 Win Type - Total 8 Types 5/0/1/1/1/0/0/0/0 Lore% 86 Gallery% 89 Achievement% 74 Wizard Run 0 Options --------- ASCII 0 Keyboard 0 Movement Mouse Keybinds 1 Fullscreen 2 Font 24/Smallcaps Map View 68x50 Tactical HUD 1 Map Filters NONE Filters NONE Steam 1 RUN: 0f90ab8e-794c-4824-a63c-17335297c9a4